 Dungeon Crawl Stone Soup version 0.31-a0-1237-gabc64e778c (webtiles) character file.

Game seed: 16778145221988795186

840 voltaire321 the Digger (level 8, -7/48 HPs)
             Began as a Gargoyle Earth Elementalist on Dec 15, 2023.
             Mangled by a wyvern (9 damage)
             ... on level 5 of the Dungeon.
             The game lasted 00:12:41 (3890 turns).

voltaire321 the Digger (GrEE)                       Turns: 3890, Time: 00:12:41

Health: -7/48      AC: 13    Str: 15    XL:     8   Next: 0%
Magic:  12/13      EV: 11    Int: 15    God:
Gold:   200        SH:  0    Dex: 10    Spells: 8/14 levels left

rFire   . . .        k - +0 flail
rCold   . . .        (no shield)
rNeg    + + .        t - +0 ring mail
rPois   ∞            j - +0 helmet
rElec   +            n - +0 cloak
rCorr   +            (no gloves)
SInv    .            (no boots)
Will    .....        (no amulet)
Stlth   +            q - ring of positive energy
HPRegen 0.28/turn    u - ring of resist corrosion
MPRegen 0.13/turn

%: no passive effects
@: no status effects
A: sickness immunity, AC +5, negative energy resistance 1, electricity
resistance, torment resistance 1, petrification resistance
a: no special abilities


You were on level 5 of the Dungeon.
You visited 1 branch of the dungeon, and saw 5 of its levels.

You collected 200 gold pieces.

Inventory:

Hand Weapons
 k - a +0 flail (weapon)
Missiles
 g - 9 poisoned darts
Armour
 j - a +0 helmet (worn)
 n - a +0 cloak (worn)
 t - a +0 ring mail (worn)
Jewellery
 h - a ring of fire
 q - a ring of positive energy (left hand)
 u - a ring of resist corrosion (right hand)
Scrolls
 c - a scroll of butterflies {unknown}
 d - 2 scrolls of amnesia {unknown}
 e - a scroll of immolation {unknown}
 f - a scroll of blinking {unknown}
 i - 2 scrolls of vulnerability {unknown}
 l - 2 scrolls of identify {unknown}
 s - a scroll of teleportation {unknown}
 w - a scroll of fear {unknown}
Potions
 a - a potion of mutation {unknown}
 b - a potion of magic
 m - a potion of resistance {unknown}
 o - a potion of degeneration {unknown}
 p - a potion of curing {unknown}
 r - a potion of lignification {unknown}
 v - a potion of enlightenment {unknown}


   Skills:
 + Level 3.7 Fighting
 + Level 3.7 Armour
 + Level 3.3 Dodging
 - Level 2.1 Stealth
 + Level 3.8 Spellcasting
 + Level 2.5 Conjurations
 - Level 1.0 Transmutations
 + Level 5.6 Earth Magic


You had 8 spell levels left.
You knew the following spells:

 Your Spells              Type           Power      Damage    Failure   Level
a - Sandblast             Erth           38%        2d10      3%          1
b - Passwall              Tmut/Erth      10%        N/A       13%         2
c - Stone Arrow           Conj/Erth      30%        3d8       19%         3

Your spell library contained the following spells:

 Spells                   Type           Power      Damage    Failure   Level
 Necrotise                Necr           8%         1d4       34%         1
 Wereblood                Tmut           5%         N/A       34%         2
 Brom's Barrelling Bould  Conj/Erth      15%        2d4       54%         4
 Ignite Poison            Fire/Tmut/Pois 3%         N/A       65%         3
 Petrify                  Tmut/Erth      12%        N/A       65%         4
 Vampiric Draining        Necr           2%         2d6       71%         3
 Irradiate                Conj/Tmut      4%         3d13      99%         5
 Agony                    Necr           2%         N/A       100%        5
 Freezing Cloud           Conj/Ice/Air   2%         6-21      100%        5
 Cigotuvi's Dreadful Rot  Necr/Pois/Air  Unusable   N/A       N/A         2
 Sublimation of Blood     Necr           Unusable   N/A       N/A         2

Dungeon Overview and Level Annotations

Branches:
Dungeon (5/15)
 Temple: D:4-7

Altars:

Annotations:
D:5 2 transporters


Innate Abilities, Weirdness & Mutations

You are immune to sickness and miasma.
Your stone body is resilient. (AC +5)
You are immune to poison.
You resist negative energy. (rN+)
You are resistant to electric shocks. (rElec)
You are resistant to unholy torment.
You are immune to petrification.


Message History

A wyvern is nearby!
Aiming: Sandblast (safe; 3% risk of failure)
Press: ? - help, Q - select action, (/) - cycle Shift-Dir - straight line, f - wyvern
Aim: a wyvern (wandering, hasn't noticed you, 82% to hit)
The blast of sand hits the wyvern.
The wyvern is lightly wounded.
The wyvern hisses angrily.
Aiming: Sandblast (safe; 3% risk of failure)
Press: ? - help, Q - select action, (/) - cycle Shift-Dir - straight line, f/p - wyvern
Aim: a wyvern (lightly wounded, 82% to hit)
The blast of sand hits the wyvern!
The wyvern is moderately wounded.
The wyvern bites you but does no damage.
You sock the wyvern!
The wyvern is heavily wounded.
The wyvern bites you but does no damage.
The wyvern bites you.
You hit the wyvern but do no damage.
The wyvern is heavily wounded.
The wyvern bites you!
The wyvern bites you but does no damage.
You hit the wyvern but do no damage.
The wyvern is heavily wounded.
The wyvern bites you! The wyvern closely misses you.
The wyvern bites you but does no damage.
You hit the wyvern.
The wyvern is severely wounded.
The wyvern bites you!
* * * LOW HITPOINT WARNING * * *
The wyvern closely misses you.
You barely miss the wyvern.
The wyvern is severely wounded.
The wyvern bites you.
* * * LOW HITPOINT WARNING * * *
The wyvern bites you.
* * * LOW HITPOINT WARNING * * *
You sock the wyvern!
The wyvern is almost dead.
The wyvern bites you!
You die...

### #.## ...## ### ....####
###.## ...##..### ###....######
...5.....# ##.#.........#
.........###...#........####
..........##...#..##.....#.##
#####.#..##.##..@##.........####
5#~8#.#...#.....k###.....k..##.##
≈#.P#.#..........###.....#......#
.#.$#...........#..#............#
.+?©#©...#.##..........#...<...##
.#.$#...#####.......[.#####.####
≈#.P#....####.........##...##
#~8#..#....................#
####.. ...............#...##


You could see a wyvern.

Vanquished Creatures
  Grinder (D:5)
  A wyvern (D:5)
  An ice beast (D:5)
  2 hounds (D:5)
  Jessica (D:2)
  Natasha (twice) (D:2)
  3 orc wizards
  5 adders (D:4)
  A shadow imp (D:5)
  A white imp (D:5)
  2 ufetubi (D:5)
  An adder zombie (D:2)
  A worm (D:3)
  A dart slug (D:1)
  12 orcs
  8 ball pythons
  4 bats
  4 endoplasms
  4 giant cockroaches
  4 goblins
  2 hobgoblins (D:4)
  7 jackals
  5 quokkas
  A ball python zombie (D:2)
  A bat simulacrum (D:2)
  A frilled lizard (D:2)
  A giant cockroach simulacrum (D:2)
  7 kobolds
  A quokka skeleton (D:2)
  4 rats
89 creatures vanquished.

Vanquished Creatures (others)
  A ball python zombie (D:2)
1 creature vanquished.

Grand Total: 90 creatures vanquished

Notes
Turn   | Place    | Note
-------+----------+-------------------------------------------
     0 | D:1      | voltaire321 the Gargoyle Earth Elementalist began the quest
                  | for the Orb.
     0 | D:1      | Reached XP level 1. HP: 10/10 MP: 3/3
   180 | D:1      | Reached skill level 1 in Transmutations
   180 | D:1      | Reached XP level 2. HP: 16/16 MP: 3/5
   315 | D:1      | Found a faded altar of an unknown god.
   741 | D:2      | Reached XP level 3. HP: 20/20 MP: 2/6
   781 | D:2      | Reached skill level 1 in Fighting
   816 | D:2      | Reached skill level 1 in Armour
   870 | D:2      | Noticed Jessica
   875 | D:2      | Killed Jessica
   876 | D:2      | Reached skill level 4 in Earth Magic
   975 | D:2      | Reached XP level 4. HP: 25/25 MP: 5/7
  1272 | D:2      | Noticed Natasha
  1285 | D:2      | Killed Natasha
  1394 | D:2      | Identified the +0 dagger of Ledad {pain, Will+ Int-4 Dex+3}
  1670 | D:2      | Noticed Natasha
  1673 | D:2      | Killed Natasha
  1674 | D:2      | Reached XP level 5. HP: 30/30 MP: 4/9
  2885 | D:4      | Reached XP level 6. HP: 24/36 MP: 5/10
  2943 | D:4      | Learned a level 2 spell: Passwall
  2947 | D:4      | Learned a level 3 spell: Stone Arrow
  3308 | D:5      | Entered Level 5 of the Dungeon
  3443 | D:5      | HP: 1/36 [orc/+0 hand axe (5)]
  3596 | D:5      | Reached skill level 1 in Conjurations
  3596 | D:5      | Reached skill level 5 in Earth Magic
  3607 | D:5      | Noticed a wyvern
  3689 | D:5      | Found a transporter.
  3689 | D:5      | Noticed an ice beast
  3700 | D:5      | Killed an ice beast
  3701 | D:5      | Reached XP level 7. HP: 31/41 MP: 9/12
  3763 | D:5      | Found a transporter.
  3764 | D:5      | Noticed Grinder
  3787 | D:5      | Paralysed by Grinder for 5 turns
  3796 | D:5      | Paralysed by Grinder for 3 turns
  3804 | D:5      | Killed Grinder
  3819 | D:5      | Killed a wyvern
  3820 | D:5      | Reached XP level 8. HP: 21/48 MP: 10/13
  3830 | D:5      | Noticed a wyvern
  3889 | D:5      | HP: 2/48 [wyvern (5)]
  3890 | D:5      | Mangled by a wyvern

Illustrated notes

Levels and vault maps discovered:
D:1:      tarquinn_simple_flora_water_c, layout_rooms,
          shapermc_ecumenical_altar_petra
D:2:      layout_loops_cross, dilly_guarded_unrand_morg, uniq_jessica
D:3:      layout_basic, corexii_leaking_fountain
D:4:      layout_rooms, minivault_25
D:5:      gammafunk_wand_slinger, layout_cave_pools, nrook_pool_corridor,
          uniq_grinder

Skill      XL: |  1  2  3  4  5  6  7 |
---------------+----------------------+-----
Transmutations | 1 |  1.0
Fighting       | 1 2 3 |  3.7
Armour         | 1 2 3 |  3.7
Dodging        | 2 3 |  3.3
Earth Magic    | 4 5 |  5.6
Spellcasting   | 3 |  3.8
Conjurations   | 1 2 |  2.5
Stealth        | |  2.1

Action                     |  1- 3 |  4- 6 |  7- 9 || total
---------------------------+-------+-------+-------++-------
  Melee: Dagger            |    10 |    48 |       ||    58
         Punch             |     1 |     1 |     1 ||     3
         Unarmed           |     1 |       |       ||     1
         Flail             |       |    73 |    23 ||    96
   Cast: Sandblast         |    39 |    85 |    12 ||   136
         Passwall          |       |     1 |       ||     1
 Armour: Robe              |    13 |       |       ||    13
         Leather armour    |     3 |    44 |       ||    47
         Ring mail         |       |   146 |    41 ||   187
  Dodge: Dodged            |    18 |   104 |    28 ||   150

Table legend: (Time is in decaauts)
 A = Elapsed time spent in this place.
 B = Non-inter-level travel time spent in this place.
 C = Inter-level travel time spent in this place.
 D = Time resting spent in this place.
 E = Time spent auto-exploring this place.
 F = Levels seen in this place.
 G = Mean time per level.
                   A        B        C        D        E       F      G
               +--------+--------+--------+--------+--------+-----+--------+
         Total |   3994 |   3933 |     61 |    320 |   2637 |   5 |  798.8 |
       Dungeon |   3994 |   3933 |     61 |    320 |   2637 |   5 |  798.8 |
               +--------+--------+--------+--------+--------+-----+--------+

Top non-repeatable levels by time:
     D:2: 1128 daAuts
     D:3: 913 daAuts
     D:1: 684 daAuts
     D:4: 661 daAuts
     D:5: 605 daAuts
